AoeStats
← Tomate

Arena

509737184Analyzed
2v2 RM · 6d ago on Sep 27, 2026· 43m 39s· 4 players
Game mode
Random Map
Map size
Medium (4 player)
Population
200
Speed
Normal
Resources
Standard
Victory
Conquest
Starting age
Dark Age
Ending age
Imperial Age
RankedLock teamsTeams togetherTeam positionsShared explorationLock speedFull tech treeHidden civsTurbo modeCheats
Victory
Defeat
🇨🇱 Portuguese · Chile
932
+15
🇨🇱 Khmer · Chile
931
+15
🇪🇸 Bohemians · Spain
953
-16
🇪🇸 Bohemians · Spain
887
-14
Nacho
6:00 Loom
11:37 Feudal Age
20:33 Castle Age
27:37 Double-Bit Axe
31:09 Imperial Age
29:03 Town Watch
29:05 Horse Collar
29:38 Bow Saw
32:30 Wheelbarrow
33:44 Chemistry
39:15 Caravan
41:18 Pikeman
41:59 Squires
Retosh2
14:11 Feudal Age
18:37 Castle Age
18:25 Loom
24:15 Pikeman
24:56 Squires
25:36 Double-Bit Axe
25:48 Horse Collar
27:29 Bow Saw
27:21 Heavy Plow
32:53 Imperial Age
31:56 Chemistry
30:52 Town Watch
31:43 Wheelbarrow
31:39 Ballistics
32:40 Arson
33:04 Wagenburg Tactics
34:31 Conscription
38:26 Forging
38:17 Scale Mail Armor
40:02 Houfnice
41:04 Siege Engineers
42:28 Iron Casting
42:09 Chain Mail Armor
Tomate
10:45 Feudal Age
15:24 Castle Age
14:39 Double-Bit Axe
17:09 Horse Collar
18:35 Heavy Plow
19:57 Bloodlines
19:55 Husbandry
21:49 Wheelbarrow
21:38 Forging
21:54 Scale Barding Armor
21:43 Man-at-Arms
22:20 Gold Mining
24:03 Hand Cart
23:57 Long Swordsman
24:53 Arson
25:22 Bow Saw
25:23 Light Cavalry
29:57 Imperial Age
27:59 Stone Mining
29:30 Chain Barding Armor
29:56 Stone Shaft Mining
31:00 Iron Casting
30:29 Scale Mail Armor
32:30 Chemistry
32:07 Loom
32:10 Cavalier
32:14 Hussar
32:22 Two-Handed Swordsman
35:15 Conscription
35:21 Pikeman
37:04 Blast Furnace
36:23 Chain Mail Armor
36:27 Siege Engineers
38:59 Plate Barding Armor
40:57 Gold Shaft Mining
40:42 Town Watch
41:35 Crop Rotation
41:34 Ballistics
43:08 Fletching
nnickk0
9:53 Feudal Age
14:03 Castle Age
15:33 Double-Bit Axe
16:55 Bow Saw
16:50 Horse Collar
20:59 Heavy Plow
21:18 Gold Mining
21:20 Stone Mining
23:33 Fervor
24:16 Wheelbarrow
25:04 Stone Shaft Mining
27:25 Loom
28:14 Hand Cart
31:56 Imperial Age
29:42 Man-at-Arms
29:57 Crossbowman
32:09 Thumb Ring
31:59 Fletching
32:10 Padded Archer Armor
32:19 Long Swordsman
32:44 Gambesons
33:17 Capped Ram
36:17 Chemistry
34:57 Two-Handed Swordsman
36:03 Champion
40:06 Arbalester
41:23 Crop Rotation
42:43 Two-Man Saw
44:19 Forging
44:09 Scale Mail Armor
44:25 Leather Archer Armor
44:05 Bodkin Arrow
Connection lost

Rejoining the realm…

Still unreachable

The connection could not be restored.

Session expired

The server has moved on; the page needs a fresh start.